Map: Bridgehead LE (Void)

Players

qxc - Winner!

  • Race: Terran Terran
  • League: Master

Tilko

  • Race: Zerg Zerg
  • League: Platinum

Event: Lycan League Weekly August #3

VOD

Have the link to the VOD?

Description

Time

  • Played on: Aug. 17, 2015, 12:36 p.m.
  • Length: 6:24

All games in this series

Show
View Real Time Build Order
Export as new Build Order

qxc Terran - Winner!

Build Orders: Command Center First (CC) 

Get SALT Encoding   

  12  0:00  SCV  
  13  0:13  SCV  
  14  0:18  Supply Depot  
  14  0:25  SCV  
  15  0:40  SCV  
  16  0:52  SCV  
  17  1:00  Command Center  
  17  1:04  SCV  
  18  1:13  Barracks  
  18  1:18  Refinery  
  18  1:21  SCV  
  19  1:33  SCV  
  19  1:36  Barracks  
  20  1:45  SCV  
  21  2:01  Orbital Command  
  21  2:02  Reaper  
  22  2:12  Orbital Command  
  22  2:20  Barracks  
  22  2:23  Reaper  
  22  2:27  SCV  
  24  2:33  Refinery  
  24  2:40  SCV, Reaper  
  24  2:41  SCV  
  27  2:53  SCV x2  
  27  2:57  Reaper  
  30  3:05  SCV x2  
  32  3:08  Reaper  
  33  3:13  Supply Depot  
  33  3:15  Reaper  
  33  3:17  SCV x2  
  36  3:22  Command Center  
  36  3:29  SCV x2  
  36  3:31  Barracks Tech Lab  
  39  3:41  SCV  
  39  3:45  SCV  
  40  3:50  Marine x2  
  40  3:52  Stimpack, Marine  
  40  3:53  SCV  
  44  3:57  SCV  
  44  4:00  Factory, Refinery  
  45  4:06  Bunker  
  45  4:08  Bunker  
  46  4:10  Bunker  
  46  4:11  Marine  
  46  4:12  Bunker  
  46  4:17  Supply Depot  
  46  4:25  Supply Depot x2  
  46  4:32  SCV  
  46  4:33  Bunker, Marine  
  46  4:34  SCV, Bunker, Marauder  
  49  4:44  Marine  
  50  4:45  SCV  
  50  4:50  SCV  
  50  4:51  Marine  
  52  4:54  Factory Tech Lab  
  52  4:57  SCV, Starport  
  55  5:00  Marauder  
  55  5:02  SCV, Marine  
  55  5:04  Orbital Command  
  57  5:09  SCV, Marine  
  59  5:17  SCV  
  59  5:18  Siege Tank  
  59  5:20  Marine  
  59  5:21  Marauder  
  66  5:22  SCV  
  66  5:26  Orbital Command  
  66  5:27  Marine  
  67  5:30  SCV  
  67  5:34  SCV  
  65  5:38  Marine  
  64  5:43  Marauder  
  64  5:44  Marine  
  64  5:46  SCV  
  67  5:56  Marine  
  74  5:57  SCV  
  74  5:58  SCV  
  74  6:02  Marine  
  75  6:09  SCV  
  75  6:10  SCV  
Show
View Real Time Build Order
Export as new Build Order

Tilko Zerg 

Build Orders: Hatch First 

Get SALT Encoding   

  12  0:01  Drone  
  13  0:09  Drone  
  14  0:19  Overlord  
  14  0:23  Extractor  
  14  0:24  Extractor  
  14  0:27  Drone  
  13  0:31  Drone  
  16  0:37  Drone  
  17  0:44  Drone  
  18  1:00  Hatchery  
  18  1:02  Drone  
  18  1:07  Drone  
  19  1:18  Spawning Pool  
  19  1:21  Drone  
  19  1:29  Drone  
  19  1:31  Extractor  
  19  1:38  Drone  
  20  1:52  Drone  
  21  2:03  Hatchery  
  21  2:05  Queen  
  21  2:08  Overlord  
  22  2:16  Drone  
  22  2:18  Queen  
  26  2:25  Drone, Overlord  
  27  2:33  Spine Crawler  
  26  2:38  Drone  
  26  2:40  Spine Crawler  
  26  2:48  Zergling x8  
  30  2:55  Spine Crawler  
  28  3:15  Roach Warren  
  26  3:44  Queen  
  28  3:57  Roach x8  
  44  4:15  Overlord x3  
  43  4:34  Roach x5  
  51  4:47  Roach  
  51  4:48  Roach x2  
  57  5:04  Roach x3  
  57  5:22  Roach  
  57  5:23  Roach x2  
  63  5:29  Roach  
  59  5:42  Roach  
  53  5:53  Roach  
  53  6:01  Roach  

Tags
 
Add a new tag
Caveats
  • Supply blocks, unpowered buildings, or Contaminate may cause inaccurate times.
  • Supply counts are checked every 10 seconds.